 Dungeon Crawl Stone Soup version 0.28.0-45-g0d030f2227 (webtiles) character file.

Game seed: 3118434375060710796

326 NinjaNoafa the Magician (level 6, -9/39 (44) HPs)
             Began as a Gnoll Hedge Wizard on Apr 17, 2022.
             Was an Initiate of Ashenzari.
             Mangled by a wight
             ... wielding a +3 battleaxe of freezing
              (15 damage)
             ... on level 4 of the Dungeon.
             The game lasted 00:10:45 (4493 turns).

NinjaNoafa the Magician (Gnoll Hedge Wizard)        Turns: 4493, Time: 00:10:45

HP:   -9/39 (44)    AC:  7    Str: 10    XL:     6   Next: 49%
MP:   14/16         EV: 13    Int: 15    God:    Ashenzari [......]
Gold: 123           SH:  0    Dex: 11    Spells: 14/19 levels left

rFire   + . .      SeeInvis .   s - +1 short sword
rCold   . . .      Faith    .   (no shield)
rNeg    . . .      Spirit   .   h - +2 robe {rF+}
rPois   .          Reflect  .   c - +0 hat
rElec   .          Harm     .   (no cloak)
rCorr   .          Rampage  .   n - +2 pair of gloves
Will    .....                   (no boots)
Stlth   +++.......              (no amulet)
HPRegen 0.13/turn               (no ring)
MPRegen 0.15/turn               (no ring)

@: about to teleport, heavily drained
A: fangs 1, strong nose, distributed training
a: Renounce Religion


You were on level 4 of the Dungeon.
You worshipped Ashenzari.
Ashenzari was noncommittal.
You visited 2 branches of the dungeon, and saw 5 of its levels.

You collected 123 gold pieces.

Inventory:

Hand Weapons
 a - a +1 dagger
 d - a +0 hunting sling
 p - a +1 dagger of venom
 s - a +1 short sword (weapon)
Missiles
 e - 2 silver javelins
 f - 101 stones
 i - 3 boomerangs
 j - 41 bolts
 k - 11 sling bullets
 m - 38 arrows
 q - 6 poisoned darts
Armour
 b - a +0 robe
 c - a +0 hat (worn)
 h - a +2 robe of fire resistance (worn)
 n - a +2 pair of gloves (worn)
 o - a +0 robe
Scrolls
 g - a scroll of teleportation
Potions
 l - a potion of resistance
 r - 2 potions of invisibility


   Skills:
 + Level 2.0 Fighting
 + Level 2.0 Short Blades
 + Level 2.0 Long Blades
 + Level 2.0 Axes
 + Level 2.0 Maces & Flails
 + Level 2.0 Polearms
 + Level 2.0 Staves
 + Level 2.0 Slings
 + Level 2.0 Bows
 + Level 2.0 Crossbows
 + Level 2.0 Throwing
 + Level 2.0 Armour
 + Level 5.0 Dodging
 + Level 4.6 Stealth
 + Level 2.0 Shields
 + Level 2.0 Unarmed Combat
 + Level 7.4 Spellcasting
 + Level 2.6 Conjurations
 + Level 1.5 Hexes
 + Level 2.6 Summonings
 + Level 1.5 Necromancy
 + Level 2.6 Translocations
 + Level 1.5 Transmutations
 + Level 1.5 Fire Magic
 + Level 1.5 Ice Magic
 + Level 1.5 Air Magic
 + Level 1.5 Earth Magic
 + Level 1.5 Poison Magic
 + Level 2.2 Invocations
 + Level 2.0 Evocations


You had 14 spell levels left.
You knew the following spells:

 Your Spells              Type           Power      Damage    Failure   Level
a - Magic Dart            Conj           52%        1d5       4%          1
b - Call Imp              Summ           13%        N/A       6%          2
c - Blink                 Tloc           26%        N/A       6%          2

Your spell library contained the following spells:

 Spells                   Type           Power      Damage    Failure   Level
 Slow                     Hex            40%        N/A       7%          1
 Conjure Flame            Conj/Fire      11%        6-21      16%         3
 Mephitic Cloud           Conj/Pois/Air  11%        N/A       17%         3
 Frozen Ramparts          Ice            20%        1d4       21%         3
 Ignite Poison            Fire/Tmut/Pois 10%        N/A       21%         3
 Sticky Flame             Conj/Fire      11%        2d3       47%         4
 Summon Ice Beast         Ice/Summ       11%        N/A       47%         4
 Ice Form                 Ice/Tmut       10%        N/A       54%         4


Dungeon Overview and Level Annotations

Branches:
Dungeon (4/15)             Temple (1/1) D:4

Altars:
Ashenzari
Cheibriados
Dithmenos
Elyvilon
Fedhas
Gozag
Hepliaklqana
Kikubaaqudgha
Makhleb
Nemelex Xobeh
Okawaru
Qazlal
Ru
Trog
Uskayaw
Vehumet
Wu Jian
Xom
Yredelemnul
Zin


Innate Abilities, Weirdness & Mutations

You have very sharp teeth.
Your uncanny sense of smell can sniff out nearby items.
Your experience applies equally to all skills.


Message History

The wight barely misses you.
Fire: 13 sling bullets
Press: ? - help, Q - select action, (/) - cycle Shift-Dir - straight line, f/p - wight
Aim: a wight, wielding a +3 battleaxe of freezing and wearing a +0 robe (lightly damaged, 57% to hit)
You shoot a sling bullet. The sling bullet hits the wight.
The wight is heavily damaged.
The wight barely misses you.
Fire: 12 sling bullets
Press: ? - help, Q - select action, (/) - cycle Shift-Dir - straight line, f/p - wight
Aim: a wight, wielding a +3 battleaxe of freezing and wearing a +0 robe (lightly damaged, 57% to hit)
You shoot a sling bullet.
The sling bullet hits the wight but does no damage.
The wight is heavily damaged.
The wight hits you from afar with a +3 halberd!
s - a +1 short sword (weapon)
The wight barely misses you. The wight barely misses you.
The wight closely misses you.
You hit the wight. Your bite misses the wight.
The wight is heavily damaged.
The wight misses you.
You hit the wight but do no damage. You bite the wight, but do no damage.
The wight is heavily damaged.
The wight hits you from afar with a +0 halberd.
You hit the wight but do no damage. You bite the wight, but do no damage.
The wight is heavily damaged.
The wight closely misses you.
The wight hits you but does no damage. x2
You hit the wight.
The wight is severely damaged.
The wight closely misses you.
The wight hits you with a +3 battleaxe of freezing!
You feel drained. The wight freezes you.
* * * LOW HITPOINT WARNING * * *
The wight hits you from afar with a +0 halberd.
* * * LOW HITPOINT WARNING * * *
You feel drained.
* * * LOW HITPOINT WARNING * * *
As you read the scroll of teleportation, it crumbles to dust.
You feel strangely unstable. The wight closely misses you.
The wight hits you with a +3 battleaxe of freezing!
You die...

#############
#............
#............
##..........
###..........#
########...##..#z########
#........###....@z......#
#.######## #.###.#z.....#
..######## #.# #.##.....#
.........###.# #<# .....#
.>.......##.. #.# (...#
.........##.####.## ....#
.........##........ ...#
.........#.....### ####
.........#.[#.###.


You could see 3 wights.

Vanquished Creatures
  A scorpion (D:4)
  A wight (D:4)
  An orc priest (D:3)
  A centaur skeleton (D:4)
  Jessica (D:3)
  4 gnolls (D:3)
  An adder (D:2)
  A worm (D:3)
  2 dart slugs
  11 orcs
  4 ball pythons
  5 endoplasms
  3 giant cockroaches
  9 goblins
  10 hobgoblins
  2 quokkas
  5 bats
  5 frilled lizards
  6 kobolds
  A rat (D:2)
74 creatures vanquished.

Notes
Turn   | Place    | Note
-------+----------+-------------------------------------------
     0 | D:1      | NinjaNoafa the Gnoll Hedge Wizard began the quest for the
                  | Orb.
     0 | D:1      | Reached XP level 1. HP: 13/13 MP: 8/8
   566 | D:1      | Reached XP level 2. HP: 19/19 MP: 8/10
  1378 | D:2      | Reached XP level 3. HP: 25/25 MP: 7/11
  1570 | D:2      | Found an ornate altar of the Wu Jian Council.
  1839 | D:2      | Reached skill level 1 in Invocations
  2480 | D:3      | Found a shadowy altar of Dithmenos.
  2482 | D:3      | Found a shimmering altar of Xom.
  2482 | D:3      | Found a sparkling altar of Nemelex Xobeh.
  2497 | D:3      | Reached skill level 1 in Fighting
  2497 | D:3      | Reached skill level 1 in Short Blades
  2497 | D:3      | Reached skill level 1 in Long Blades
  2497 | D:3      | Reached skill level 1 in Axes
  2497 | D:3      | Reached skill level 1 in Maces & Flails
  2497 | D:3      | Reached skill level 1 in Polearms
  2497 | D:3      | Reached skill level 1 in Staves
  2497 | D:3      | Reached skill level 1 in Slings
  2497 | D:3      | Reached skill level 1 in Bows
  2497 | D:3      | Reached skill level 1 in Crossbows
  2497 | D:3      | Reached skill level 1 in Throwing
  2497 | D:3      | Reached skill level 1 in Armour
  2497 | D:3      | Reached skill level 1 in Shields
  2497 | D:3      | Reached skill level 1 in Unarmed Combat
  2497 | D:3      | Reached skill level 1 in Evocations
  2511 | D:3      | Found a snail-covered altar of Cheibriados.
  2514 | D:3      | Found a glowing silver altar of Zin.
  2568 | D:3      | Noticed Jessica
  2609 | D:3      | Reached XP level 4. HP: 27/32 MP: 1/13
  2628 | D:3      | Killed Jessica
  2921 | D:3      | Reached skill level 1 in Hexes
  2921 | D:3      | Reached skill level 1 in Necromancy
  2921 | D:3      | Reached skill level 1 in Transmutations
  2921 | D:3      | Reached skill level 1 in Fire Magic
  2921 | D:3      | Reached skill level 1 in Ice Magic
  2921 | D:3      | Reached skill level 1 in Air Magic
  2921 | D:3      | Reached skill level 1 in Earth Magic
  2921 | D:3      | Reached skill level 1 in Poison Magic
  2926 | D:3      | Learned a level 2 spell: Call Imp
  2939 | D:3      | Reached XP level 5. HP: 36/37 MP: 8/14
  3056 | D:3      | Learned a level 2 spell: Blink
  3257 | D:3      | Found a faded altar of an unknown god.
  3468 | D:3      | Noticed an ogre
  3703 | D:4      | Found a staircase to the Ecumenical Temple.
  3711 | Temple   | Entered the Ecumenical Temple
  3953 | Temple   | Became a worshipper of Ashenzari the Shackled
  4086 | D:4      | Reached XP level 6. HP: 35/44 MP: 14/16
  4271 | D:4      | Reached skill level 5 in Dodging
  4493 | D:4      | Mangled by a wight

Illustrated notes

Levels and vault maps discovered:
D:1:      dpeg_arrival_arbitrary_c, layout_basic, minmay_misc_feat_secret_circle
D:2:      layout_basic, basic_altar, serial_forest,
          infiniplex_forest_clump_small, infiniplex_forest_clump_double,
          infiniplex_forest_straight_2, infiniplex_forest_zigzag_1
D:3:      layout_rooms, minmay_overflow_temple_star_hex,
          ebering_ecumenical_altar_webs, minmay_ogre_servants, uniq_jessica
D:4:      layout_rooms, minmay_temple_entry_ruins, gup_sewer_entry_spiral
Temple:   regret_index_temple_generic_petals

Skill      XL: |  1  2  3  4  5  6 |
---------------+-------------------+-----
Conjurations   | 2 |  2.6
Summonings     | 2 |  2.6
Translocations | 2 |  2.6
Invocations    | 1 2 |  2.2
Fighting       | 1 2 |  2.0
Short Blades   | 1 2 |  2.0
Long Blades    | 1 2 |  2.0
Axes           | 1 2 |  2.0
Maces & Flails | 1 2 |  2.0
Polearms       | 1 2 |  2.0
Staves         | 1 2 |  2.0
Slings         | 1 2 |  2.0
Bows           | 1 2 |  2.0
Crossbows      | 1 2 |  2.0
Throwing       | 1 2 |  2.0
Armour         | 1 2 |  2.0
Shields        | 1 2 |  2.0
Unarmed Combat | 1 2 |  2.0
Evocations     | 1 2 |  2.0
Hexes          | 1 |  1.5
Necromancy     | 1 |  1.5
Transmutations | 1 |  1.5
Fire Magic     | 1 |  1.5
Ice Magic      | 1 |  1.5
Air Magic      | 1 |  1.5
Earth Magic    | 1 |  1.5
Poison Magic   | 1 |  1.5
Dodging        | 5 |  5.0
Stealth        | |  4.6
Spellcasting   | |  7.4

Action                   |  1- 3 |  4- 6 || total
-------------------------+-------+-------++-------
Melee: Dagger            |     8 |    65 ||    73
       Bite              |     2 |    12 ||    14
       Punch             |       |     5 ||     5
       Short sword       |       |     4 ||     4
 Fire: Hunting sling     |       |    13 ||    13
 Cast: Magic Dart        |   110 |    69 ||   179
       Call Imp          |       |     1 ||     1
  Use: Potion            |     2 |       ||     2
       Scroll            |       |    10 ||    10
 Stab: Invisible         |       |     1 ||     1
Armor: Robe              |       |    38 ||    38
Dodge: Dodged            |    13 |    89 ||   102
